[Event "*** SCC Grand Prix: Titled Tuesday Blitz"]
[Site "Chess.com"]
[Date "2020.09.08"]
[Round "5"]
[White "Synctel"]
[Black "glebus008"]
[Result "0-1"]
[WhiteElo "1981"]
[BlackElo "2169"]
[TimeControl "180+1"]
[EndTime "10:56:26 PDT"]
[Termination "glebus008 won on time"]

1. e4 d5 2. Nc3 d4 3. Nce2 e5 4.
Ng3 c5 5. Nf3 f6 6. Bb5+ Nc6 7.
Bxc6+ bxc6 8. d3 Be6 9. O-O g5 10. b3 h5 11. h4 g4 12. Nh2 f5 13. exf5 Bd5 14. Bg5 Be7 15. Qd2 Nf6 16. Rae1 Qd6 17.
f3 O-O-O 18. Ne4 Nxe4 19. fxe4 Bf7 20. g3 Rdg8 21. Bxe7 Qxe7 22. Qa5 Kb7 23. Rb1 Qc7 24. Qa4 Qb6 25. b4 Ka8 26. bxc5 Qc7 27. Rb4 Rb8 28. Rfb1 Rxb4 0-1

[Event "*** SCC Grand Prix: Titled Tuesday Blitz"]
[Site "Chess.com"]
[Date "2020.09.08"]
[Round "5"]
[White "ASVZ"]
[Black "chessmachine14"]
[Result "1-0"]
[WhiteElo "2520"]
[BlackElo "2347"]
[TimeControl "180+1"]
[EndTime "10:56:27 PDT"]
[Termination "ASVZ won on time"]

1. e4 c5 2. c3 Nf6 3. e5 Nd5 4. d4 cxd4 5. Qxd4 e6 6. Nf3 Nc6 7. Qe4 f5 8. Qe2 b6 9. g3 Bb7 10.
Bg2 Qc7 11. O-O g6 12. c4 Nde7 13. Bg5 Bg7 14. Nc3 a6 15. Rac1 O-O 16. Qe3 f4 17.
Bxf4 Nf5 18. Qd2 Nxe5 19. Nxe5 Bxg2 20. Nxg6 Qb7 21. Nxf8 Nd4 22. f3 Bxf3 23. Be3 Bh1 24. Nd5 Nf3+ 25. Rxf3 Bxf3 26. Nxb6 Rxf8 27. Qxd7 Qe4 28.
Qd2 Bh1 29. Nd7 Rf3 30. Re1 h6 31. Nc5 Qc6 32. Nxe6 1-0

[Event "*** SCC Grand Prix: Titled Tuesday Blitz"]
[Site "Chess.com"]
[Date "2020.09.08"]
[Round "5"]
[White "Sanan_Sjugirov"]
[Black "mishanick"]
[Result "0-1"]
[WhiteElo "2837"]
[BlackElo "3013"]
[TimeControl "180+1"]
[EndTime "10:56:28 PDT"]
[Termination "mishanick won on time"]

1. e4 c5 2. Nf3 d6 3. d4 cxd4 4. Nxd4 Nf6 5. Nc3 a6 6. h3 b5 7. g4 Bb7 8. Bg2 Nc6 9. O-O Nxd4 10. Qxd4 e5 11. Qd3 Be7 12. a4 b4 13. Nd5 Nxd5 14. exd5 a5 15. Re1 O-O 16. f4 exf4 17. Bxf4 Bg5 18.
Bxg5 Qxg5 19. Qb5 Bc8 20. Qc6 Ra6 21. Qc7 h5 22. Qe7 Qxe7 23. Rxe7 hxg4 24. hxg4 Bxg4 25.
Rf1 Bh5 26. Rf4 Raa8 27. Rc4 Rfe8 28. Rxe8+ Rxe8 29. Rc6 Re1+ 30. Kf2 Rd1 31. Rxd6 Rd2+ 32. Kg3 f5 33. Bf1 g5 34. Bd3 f4+ 35. Kh3 b3 36.
Rd8+ Kg7 37. Rd7+ Kf6 38. Rd6+ Ke5 39. Rc6 bxc2 40. Bxc2 Rxd5 41. Rc3 Be2 42. Kg2 g4 43. Kf2 Ba6 0-1

[Event "*** SCC Grand Prix: Titled Tuesday Blitz"]
[Site "Chess.com"]
[Date "2020.09.08"]
[Round "5"]
[White "GM_dmitrij"]
[Black "wannabe2700"]
[Result "1-0"]
[WhiteElo "2916"]
[BlackElo "2635"]
[TimeControl "180+1"]
[EndTime "10:56:28 PDT"]
[Termination "GM_dmitrij won on time"]

1. e4 c6 2. d4 d5 3. e5 Bf5 4. h4 h5 5. Bd3 Bxd3 6. Qxd3 e6 7. Bg5 Qa5+ 8. Nd2 Qa6 9. c4 c5 10. Ngf3 Nc6 11. O-O Nge7 12. Qb3 Nxd4 13. Nxd4 cxd4 14. Rac1 dxc4 15. Nxc4 Nd5 16. Rfd1 Bc5 17. Qf3 Qxa2 18. Rxd4 O-O 19. Re4 Rfc8 20. Qxh5 Bf8 21. Kh2 b5 22.
Nd6 Bxd6 23. exd6 Rxc1 24. Bxc1 Qb1 25. Re1 Rd8 26. Qe5 Qd3 27. f3 Qc4 28. Bg5 Rd7 29. Rc1 Qd3 30. Rc8+ Kh7 31. Be7 Qg6 32. Rd8 Rxd8 33.
Bxd8 Qf5 34. Qxf5+ exf5 35. d7 Kg6 36. Ba5 Nf6 37.
d8=Q 1-0

[Event "*** SCC Grand Prix: Titled Tuesday Blitz"]
[Site "Chess.com"]
[Date "2020.09.08"]
[Round "5"]
[White "Caracternin123"]
[Black "guillembaches"]
[Result "1-0"]
[WhiteElo "2697"]
[BlackElo "2411"]
[TimeControl "180+1"]
[EndTime "10:56:29 PDT"]
[Termination "Caracternin123 won on time"]

1. d4 Nf6 2. Nf3 e6 3. g3 c5 4. Bg2 Qa5+ 5. c3 cxd4 6. Nxd4 Nc6 7. O-O Be7 8. c4 O-O 9. Nc3 Qc5 10. Ndb5 Qxc4 11. Bf4 e5 12. Bg5 Nd4 13. b3 Qc5 14. Nxd4 exd4 15. Bxf6 dxc3 16. Bd4 Qa5 17. Qd3 d5 18.
Bxc3 Bb4 19. Bxb4 Qxb4 20. Qxd5 a5 21. Rac1 a4 22. Rc7 axb3 23. axb3 Be6 24. Qxb7 Rab8 25. Qxb4 Rxb4 26. e4 Rxb3 27. f4 f6 28. Ra1 Rb2 29.
Raa7 Bf7 30. Bh3 Re2 31. Rxf7 Rxf7 32. Ra8+ Rf8 33. Be6+ 1-0

[Event "*** SCC Grand Prix: Titled Tuesday Blitz"]
[Site "Chess.com"]
[Date "2020.09.08"]
[Round "5"]
[White "TrickyFortem"]
[Black "eCztery"]
[Result "1/2-1/2"]
[WhiteElo "2452"]
[BlackElo "2316"]
[TimeControl "180+1"]
[EndTime "10:56:29 PDT"]
[Termination "Game drawn by stalemate"]

1. e3 c5 2. c4 g6 3. Nc3 Bg7 4. Be2 f5 5. h4 h6 6. Nf3 Nc6 7. d4 cxd4 8. exd4 d6 9. d5 Ne5 10. Bf4 Nxf3+ 11. Bxf3 Nf6 12. O-O O-O 13. Re1 Bd7 14. Qd2 Kh7 15. Re2 Rc8 16. Rae1 Rxc4 17. Rxe7 Ne4 18. Nxe4 fxe4 19. R7xe4 Rxe4 20. Bxe4 Qxh4 21.
Bxd6 Re8 22. Bf3 Rxe1+ 23. Qxe1 Bd4 24. b3 h5 25. g3 Qf6 26. Qe4 Bf5 27. Qe7+ Qxe7 28.
Bxe7 b6 29. Kg2 Bd7 30. d6 Kg7 31. Bd5 Kh6 32. f4 Kg7 33. Kf3 Bf6 34. Ke4 Bxe7 35. dxe7 Kf6 36. b4 Kxe7 37. Ke5 Bg4 38. Be4 Kf7 39.
Kd6 Kf6 40. Kc7 a5 41. bxa5 bxa5 42. Kb6 a4 43. Kb5 a3 44. Kb4 Be6 45. Kxa3 g5 46. Kb2 Bxa2 47. Kxa2 h4 48. gxh4 gxf4 49. Kb3 f3 50.
Bxf3 Kg6 51. Kc4 Kh7 52. Kd5 Kh8 53. Ke6 Kg8 54. Kf6 Kh8 55. h5 Kg8 56. h6 Kh8 57.
Kg6 Kg8 58. h7+ Kh8 59. Kh6 1/2-1/2

[Event "*** SCC Grand Prix: Titled Tuesday Blitz"]
[Site "Chess.com"]
[Date "2020.09.08"]
[Round "5"]
[White "Ariadna_Atreides"]
[Black "diablanni"]
[Result "1-0"]
[WhiteElo "2058"]
[BlackElo "2348"]
[TimeControl "180+1"]
[EndTime "10:56:29 PDT"]
[Termination "Ariadna_Atreides won on time"]

1. d4 Nf6 2. Nf3 e6 3. e3 c5 4. Bd3 d5 5. b3 Bd6 6. dxc5 Bxc5 7. O-O O-O 8. Bb2 b6 9. c4 dxc4 10. Bxc4 Bb7 11. Nbd2 Nbd7 12. Qe2 a6 13. a4 Qe7 14.
Rfd1 Nd5 15. Ne5 Nxe5 16. Bxe5 Rfc8 17. Qg4 f6 18. Bb2 Bb4 19. Rac1 Kh8 20. h4 Rab8 21. h5 h6 22. Bd3 Qe8 23. Qe4 Qg8 24. Qg6 Ne7 25.
Qg4 Rxc1 26. Bxc1 Bd6 27. Bb2 Nd5 28. Nc4 Bc5 29. Bb1 Re8 30. Qg6 Ne7 31. Qg3 Nd5 32.
e4 Nb4 33. e5 f5 34. Nd6 Bxd6 35. exd6 Bd5 36. d7 Rd8 37. Qc7 1-0

[Event "*** SCC Grand Prix: Titled Tuesday Blitz"]
[Site "Chess.com"]
[Date "2020.09.08"]
[Round "5"]
[White "VladimirBugayev"]
[Black "IveBeenThroughPain"]
[Result "0-1"]
[WhiteElo "2270"]
[BlackElo "2470"]
[TimeControl "180+1"]
[EndTime "10:56:29 PDT"]
[Termination "IveBeenThroughPain won on time"]

1. e4 d6 2. d4 Nf6 3. Nc3 e5 4. Nf3 Nbd7 5. Bc4 Be7 6. O-O c6 7. a4 Qc7 8. Qe2 h6 9. Rd1 Nf8 10. Nh4 g5 11. Nf5 Bxf5 12. exf5 exd4 13. Rxd4 d5 14.
Bb3 O-O-O 15. Rd1 Bd6 16. h3 Re8 17. Qf3 N8d7 18. Ne2 g4 19. hxg4 Ne5 20. Qc3 Nfxg4 21. Bf4 Nc4 22. Bxc4 Bxf4 23. Qh3 Rhg8 24. Bd3 Bh2+ 25.
Kf1 Be5 26. f6 Kb8 27. g3 Qb6 28. Qg2 Bxf6 29. Bf5 h5 30. Bxg4 hxg4 31. Nf4 Qxb2 32.
Rab1 Qxc2 33. Nxd5 Qe2+ 34. Kg1 Bd8 35. Nf4 Qf3 36.
Qxf3 gxf3 0-1

[Event "*** SCC Grand Prix: Titled Tuesday Blitz"]
[Site "Chess.com"]
[Date "2020.09.08"]
[Round "5"]
[White "aliba25"]
[Black "Dr-Bassem"]
[Result "0-1"]
[WhiteElo "2563"]
[BlackElo "2773"]
[TimeControl "180+1"]
[EndTime "10:56:30 PDT"]
[Termination "Dr-Bassem won by resignation"]

1. d4 f5 2. c4 Nf6 3. Nc3 e6 4. g3 Be7 5. Bg2 O-O 6. Nf3 d6 7. O-O Qe8 8. Qc2 Qg6 9. Re1 Ne4 10. Nd2 Nxc3 11. Qxc3 Bf6 12. e4 c5 13. Nb3 Nc6 14. Be3 cxd4 15. Nxd4 f4 16. Nxc6 fxe3 17. Qxe3 bxc6 18.
e5 Bxe5 19. Bxc6 Rb8 20. Rab1 Rxb2 21. Rxb2 Bxb2 22. Qxa7 e5 23. Bd5+ Be6 24. Be4 Qf7 25.
Qxf7+ Kxf7 26. Re2 Bd4 27. Rc2 Bh3 28. Bg2 Bxg2 29.
Kxg2 Ra8 30. Kf3 Ke6 31. Ke4 Ra3 32. h4 g6 33. Re2 Rc3 34. f4 Rxc4 35. fxe5 Bxe5+ 36. Kf3 Rc3+ 37. Kf2 Kf5 38. Re3 Bd4 0-1

[Event "*** SCC Grand Prix: Titled Tuesday Blitz"]
[Site "Chess.com"]
[Date "2020.09.08"]
[Round "5"]
[White "PawnEatingZombie"]
[Black "anon481216"]
[Result "1-0"]
[WhiteElo "2176"]
[BlackElo "2451"]
[TimeControl "180+1"]
[EndTime "10:56:31 PDT"]
[Termination "PawnEatingZombie won by resignation"]

1. d4 Nf6 2. c4 e6 3. Nc3 Bb4 4. Qc2 O-O 5. e4 d6 6. Bd3 e5 7. a3 Bxc3+ 8. bxc3 c5 9. Ne2 Nc6 10. O-O Re8 11. d5 Na5 12. f3 b6 13. g3 Ba6 14.
f4 Bxc4 15. f5 Bxd3 16. Qxd3 c4 17. Qf3 Nd7 18. Be3 Nb3 19. Rad1 f6 20. g4 h6 21. h4 Kf7 22. Kg2 Rh8 23. Rh1 Ndc5 24. g5 hxg5 25. hxg5 Qd7 26. Qg4 Rxh1 27. Rxh1 Rg8 28. Ng3 fxg5 29.
Qxg5 Kf8 30. Rh7 Qe7 31. Qg6 Nd7 32. Nh5 Nbc5 33. Nxg7 Qxg7 34. Rxg7 Rxg7 35. Bh6 Nxe4 36. Bxg7+ Kg8 37. Bxe5+ Kf8 38. Bxd6+ 1-0

[Event "*** SCC Grand Prix: Titled Tuesday Blitz"]
[Site "Chess.com"]
[Date "2020.09.08"]
[Round "5"]
[White "Th3_Hound"]
[Black "jeetjain"]
[Result "0-1"]
[WhiteElo "2594"]
[BlackElo "2429"]
[TimeControl "180+1"]
[EndTime "10:56:32 PDT"]
[Termination "jeetjain won by resignation"]

1. e4 e5 2. Nf3 Nc6 3. Bb5 a6 4. Ba4 Nf6 5. O-O Be7 6. Re1 b5 7. Bb3 d6 8. c3 O-O 9. h3 Na5 10. Bc2 c5 11. d4 Qc7 12. Nbd2 Bd7 13. Nf1 Nc4 14. b3 Nb6 15. Ng3 c4 16. Nh2 cxb3 17.
Bxb3 Qxc3 18. Ba3 Qxd4 19. Qxd4 exd4 20. e5 Ne8 21. Rad1 a5 22. exd6 Bxd6 23. Rxe8 Bxa3 24. Rxa8 Rxa8 25. Rxd4 a4 26. Bc2 Bc5 27. Rd1 Be6 28. Ne4 Be7 29. Bb1 b4 30. Nf3 b3 31. axb3 Bxb3 32. Rd3 Bc4 33. Rd2 a3 34. Ba2 Bb4 35.
Bxc4 Bxd2 36. Ba2 Bb4 37. Ne5 Kf8 38. Nd3 Be7 39. Kf1 Rc8 40. Ne1 Rc1 41. Ke2 Ra1 42. Bb3 a2 43. Nc2 Rc1 0-1

[Event "*** SCC Grand Prix: Titled Tuesday Blitz"]
[Site "Chess.com"]
[Date "2020.09.08"]
[Round "5"]
[White "OhanyanEminChess"]
[Black "pooh2012"]
[Result "1-0"]
[WhiteElo "2531"]
[BlackElo "2358"]
[TimeControl "180+1"]
[EndTime "10:56:32 PDT"]
[Termination "OhanyanEminChess won by resignation"]

1. e4 c6 2. d4 d5 3. Nc3 dxe4 4. Nxe4 Nd7 5. Qe2 e6 6. Nf3 Ngf6 7. Bg5 Be7 8. O-O-O Nxe4 9. Bxe7 Qxe7 10. Qxe4 Nf6 11.
Qh4 b6 12. Ne5 Bb7 13. Rg1 O-O-O 14. g4 h6 15. Bg2 Qc7 16. Qg3 Nd5 17. Kb1 f6 18. Ng6 Qxg3 19. hxg3 Rhe8 20. Nf4 Rd6 21. Rge1 Nc7 22. c3 Red8 23. Kc2 c5 24. Bxb7+ Kxb7 25.
dxc5 Rxd1 26. Rxd1 Rxd1 27. Kxd1 bxc5 28. Nh5 Ne8 29.
Ke2 Kc6 30. Kd3 Kd5 31. Nf4+ Ke5 32. Kc4 Nd6+ 33. Kd3 c4+ 34. Ke3 Ne8 35. b3 cxb3 36.
axb3 Nc7 37. c4 a5 38. Nd3+ Kd6 39. f4 Na6 40. Kd4 Nb8 41. c5+ Kc6 42. Kc4 Nd7 43.
b4 axb4 44. Nxb4+ Kc7 45. Kb5 Nb8 46. c6 e5 47. Nd5+ Kc8 48. c7 Nd7 49. Kc6 1-0

[Event "*** SCC Grand Prix: Titled Tuesday Blitz"]
[Site "Chess.com"]
[Date "2020.09.08"]
[Round "5"]
[White "aNaartjieZA"]
[Black "StellarChessPro"]
[Result "1/2-1/2"]
[WhiteElo "2472"]
[BlackElo "2270"]
[TimeControl "180+1"]
[EndTime "10:56:32 PDT"]
[Termination "Game drawn by repetition"]

1. e4 g6 2. Nf3 Bg7 3. g3 d6 4.
Bg2 Nf6 5. d3 O-O 6. O-O e5 7.
Nc3 c5 8. h3 a6 9. a4 Nc6 10. Nd2 Nh5 11. Nc4 Na5 12. Kh2 Nxc4 13.
dxc4 b6 14. Be3 Rb8 15. Bf3 Nf6 16. Qd3 Ne8 17. Rad1 f5 18. exf5 gxf5 19. Bd5+ Kh8 20.
f4 e4 21. Qd2 Nc7 22. b3 Qf6 23. Ne2 Nxd5 24. Qxd5 Rd8 25. Bd2 Be6 26. Bc3 Qf7 27. Qd2 b5 28. axb5 axb5 29. Bxg7+ Qxg7 30. cxb5 d5 31. Qa5 d4 32. b4 d3 33. cxd3 exd3 34. Nc1 c4 35. Rf2 Rg8 36. Rg1 Qd4 37. Rgg2 Bd5 38. Qc7 Bxg2 39. Rxg2 Rbc8 40. Qf7 d2 41. Ne2 d1=Q 42.
Nxd4 Qxd4 43. b6 c3 44. b7 Rcf8 45. Qc7 Qe3 46. b5 Qd4 47. b6 Qf6 48. Rc2 Qg7 49. Rxc3 Qd4 50. Rc2 Qg7 51. Rc3 h5 52. h4 Qf7 53.
Qe5+ Qg7 54. Qc7 Qg4 55. Qe5+ Qg7 56. Qc7 1/2-1/2

[Event "*** SCC Grand Prix: Titled Tuesday Blitz"]
[Site "Chess.com"]
[Date "2020.09.08"]
[Round "5"]
[White "xamax2000"]
[Black "Mambastik-Fantastic"]
[Result "1-0"]
[WhiteElo "2679"]
[BlackElo "2294"]
[TimeControl "180+1"]
[EndTime "10:56:32 PDT"]
[Termination "xamax2000 won by resignation"]

1. d4 Nf6 2. c4 c5 3. d5 e5 4. Nc3 d6 5. e4 Nbd7 6. Bd3 Be7 7. Be3 a6 8. a4 h5 9. f3 h4 10.
Nge2 Nh5 11. Qd2 Kf8 12. g4 Nhf6 13. Rg1 g6 14. Kd1 Kg7 15. Kc2 Nh7 16. g5 Nhf8 17. Raf1 Rh5 18. f4 exf4 19. Nxf4 Rxg5 20. Rxg5 Bxg5 21.
Nh5+ Kh6 22. Nf6 Bxe3 23. Qxe3+ Kg7 24. Ng4 Nh7 25. Qh6+ Kg8 26. Rxf7 Kxf7 27. Qxh7+ Ke8 28. Qxg6+ Kf8 29. Qh6+ Ke8 30. e5 Nxe5 31. Nxe5 dxe5 32. d6 Kd7 33. Bf5+ Kc6 34. d7+ Kc7 35. Nd5+ Kb8 36. dxc8=Q+ Qxc8 37. Qd6+ Ka7 38. Qb6+ Kb8 39. Bxc8 1-0

[Event "*** SCC Grand Prix: Titled Tuesday Blitz"]
[Site "Chess.com"]
[Date "2020.09.08"]
[Round "5"]
[White "KonstantinB_1983"]
[Black "Leonid_Starozhilov"]
[Result "1-0"]
[WhiteElo "2529"]
[BlackElo "2678"]
[TimeControl "180+1"]
[EndTime "10:56:34 PDT"]
[Termination "KonstantinB_1983 won on time"]

1. d4 Nf6 2. c4 g6 3. Nc3 Bg7 4. e4 d6 5. Nge2 c6 6. Ng3 a6 7.
a4 a5 8. Be2 Na6 9. O-O O-O 10. Be3 Nb4 11. f3 e5 12. Qd2 Qe7 13.
Rfd1 Nd7 14. Rac1 Re8 15. Bg5 Bf6 16. Bxf6 Qxf6 17. dxe5 dxe5 18. Qe3 Qe7 19. Qh6 Nc5 20. h4 Be6 21. Nd5 cxd5 22. cxd5 b6 23. dxe6 Qxe6 24.
Bc4 Qf6 25. Nh5 Qh8 26. Rd6 Rf8 27. Nf6+ Qxf6 28. Rxf6 Rad8 29. h5 Nd7 30. Rd6 Nc5 31. Rcd1 Rxd6 32. Rxd6 Re8 33. hxg6 Re7 34. Qxh7+ 1-0

[Event "*** SCC Grand Prix: Titled Tuesday Blitz"]
[Site "Chess.com"]
[Date "2020.09.08"]
[Round "5"]
[White "harvsp123"]
[Black "Spriteball"]
[Result "0-1"]
[WhiteElo "2462"]
[BlackElo "2271"]
[TimeControl "180+1"]
[EndTime "10:56:35 PDT"]
[Termination "Spriteball won by resignation"]

1. e4 e5 2. Nf3 Nc6 3. Bc4 Nf6 4. d3 Be7 5. O-O O-O 6. Re1 d6 7. h3 Na5 8. Bb5 a6 9. Ba4 b5 10. Bd2 c5 11. Bb3 Nxb3 12. axb3 Bb7 13. b4 c4 14. Bc3 Re8 15. Nbd2 cxd3 16. cxd3 Bf8 17. Nb3 Rc8 18. Na5 Ba8 19. Qb3 d5 20. Nxe5 Rxc3 21. Qxc3 d4 22. Qb3 Rxe5 23. f4 Re8 24. Rac1 Qe7 25.
Rc5 Nd7 26. Rc7 Qxb4 27. Rxd7 Qxe1+ 28. Kh2 Re7 29. Rd8 Qxa5 30. Rxa8 Qc7 31. e5 Re6 32.
Qd5 g5 33. Qf3 gxf4 34. Qg4+ Rg6 35. Qf5 Kg7 36. Rc8 Qb7 37. g4 fxg3+ 38. Kg1 Qd5 39. e6 Qxf5 0-1

[Event "*** SCC Grand Prix: Titled Tuesday Blitz"]
[Site "Chess.com"]
[Date "2020.09.08"]
[Round "5"]
[White "Sn00pPawn"]
[Black "floplover"]
[Result "0-1"]
[WhiteElo "2020"]
[BlackElo "2320"]
[TimeControl "180+1"]
[EndTime "10:56:35 PDT"]
[Termination "floplover won on time"]

1. d4 d5 2. c4 e6 3. Nc3 Bb4 4. Nf3 Nf6 5. Bg5 dxc4 6. Qa4+ Nc6 7. Rc1 O-O 8. a3 Bxc3+ 9. bxc3 Qd5 10. Bxf6 gxf6 11.
Nd2 b5 12. e4 bxa4 13. exd5 exd5 14. g4 Re8+ 15. Be2 Rb8 16. Rc2 Na5 17. Kd1 Nb3 18.
Re1 c6 19. Rb2 Bd7 20. Nf1 Re7 21. Ne3 Rbe8 22. Bf3 Kg7 23. Rbe2 Kg6 24. h4 h6 25.
Nxd5 Rxe2 26. Nf4+ Kg7 27. Rxe2 f5 28. Nh5+ Kg6 29.
gxf5+ Kxf5 30. Ng7+ Kf4 31. Nxe8 Kxf3 32. Nf6 Bf5 33.
Nh5 Bd3 34. Re3+ Kxf2 35. Rg3 Be2+ 0-1

[Event "*** SCC Grand Prix: Titled Tuesday Blitz"]
[Site "Chess.com"]
[Date "2020.09.08"]
[Round "5"]
[White "tylityli"]
[Black "MF1966Idrisov"]
[Result "0-1"]
[WhiteElo "2237"]
[BlackElo "2400"]
[TimeControl "180+1"]
[EndTime "10:56:36 PDT"]
[Termination "MF1966Idrisov won on time"]

1. d4 d6 2. e4 e5 3. Nf3 Bg4 4. dxe5 Bxf3 5. Qxf3 dxe5 6. Qb3 b6 7. Bc4 Qd7 8. O-O Bd6 9. Nc3 Nf6 10. Bg5 Nh5 11. Be2 Nf4 12. Bxf4 exf4 13. e5 Bc5 14. Bf3 c6 15. e6 fxe6 16. Bg4 Qe7 17. Bxe6 Kd8 18.
Ne4 Kc7 19. Rfe1 Na6 20. Qc4 Nb4 21. a3 b5 22. Qxc5 Qxc5 23. Nxc5 Nxc2 24. Bb3 Nxa1 25. Rxa1 Rhe8 26. Ne6+ Kb6 27. Nxf4 Rad8 28. Ne6 Rd2 29. a4 a5 30. axb5 cxb5 31. Rb1 g6 32. f4 a4 33. Ba2 a3 34. g4 Rxb2 35. Rxb2 axb2 36. f5 gxf5 37. gxf5 Ra8 38. Kf2 Rxa2 0-1

[Event "*** SCC Grand Prix: Titled Tuesday Blitz"]
[Site "Chess.com"]
[Date "2020.09.08"]
[Round "5"]
[White "BilodeauA"]
[Black "kingnb"]
[Result "1-0"]
[WhiteElo "2856"]
[BlackElo "2608"]
[TimeControl "180+1"]
[EndTime "10:56:37 PDT"]
[Termination "BilodeauA won by resignation"]

1. e4 d5 2. exd5 Nf6 3. d4 Nxd5 4. Nf3 Bf5 5. Bd3 Bxd3 6. Qxd3 e6 7. c4 Nf6 8. Nc3 Be7 9. Bg5 O-O 10. O-O-O Nbd7 11. h4 c6 12. Ne5 Re8 13. Qg3 Qa5 14. h5 Rad8 15.
Bh6 Bf8 16. Bxg7 Bxg7 17. h6 Kf8 18. Qxg7+ Ke7 19. Qxf7+ Kd6 20. Nxd7 Nxd7 21. Rh5 Qb4 22. Qf4+ Ke7 23. Rg5 Rg8 24. d5 cxd5 25. Nxd5+ exd5 26.
Rgxd5 Rg6 27. a3 Qb6 28. Re1+ Re6 29. Qg5+ Ke8 30. Qg8+ Ke7 31. Qg7+ Ke8 32. Qh8+ Ke7 33. Qxh7+ Ke8 34. Qg8+ Ke7 35. Qg7+ Ke8 36. Rxe6+ Qxe6 37. h7 Qe1+ 38. Rd1 Qxd1+ 39. Kxd1 Nf6+ 40. Kc2 Nxh7 41. Qxh7 1-0

[Event "*** SCC Grand Prix: Titled Tuesday Blitz"]
[Site "Chess.com"]
[Date "2020.09.08"]
[Round "5"]
[White "Taron_Shagbazyan"]
[Black "angryhorse9"]
[Result "1-0"]
[WhiteElo "2681"]
[BlackElo "2507"]
[TimeControl "180+1"]
[EndTime "10:56:37 PDT"]
[Termination "Taron_Shagbazyan won by resignation"]

1. d4 Nf6 2. c4 g6 3. g3 Bg7 4.
Bg2 O-O 5. Nc3 c6 6. e4 d6 7.
Nge2 Nbd7 8. O-O e5 9. h3 exd4 10. Nxd4 Re8 11. Re1 Nc5 12. Bf4 Ne6 13. Be3 Nc5 14.
Qc2 Qe7 15. Rad1 a5 16. Bf4 Nh5 17. Nxc6 bxc6 18. Bxd6 Qa7 19. e5 Qb6 20. Kh2 Bf8 21. f4 Ng7 22. Qf2 Bxd6 23. Rxd6 Nf5 24. Rd2 Ba6 25.
g4 Ng7 26. b3 Rab8 27. f5 Red8 28. Rxd8+ Rxd8 29. e6 Qb8+ 30. Kh1 Ncxe6 31. fxe6 Nxe6 32. Ne4 Qf4 33. Qb6 Bc8 34. Rf1 Qe5 35. Qf2 Rf8 36.
Nf6+ Kg7 37. Bxc6 a4 38. Bd5 axb3 39. axb3 Bd7 40. Nxd7 1-0

[Event "*** SCC Grand Prix: Titled Tuesday Blitz"]
[Site "Chess.com"]
[Date "2020.09.08"]
[Round "5"]
[White "woodpusher52"]
[Black "NotFischer"]
[Result "0-1"]
[WhiteElo "2459"]
[BlackElo "2250"]
[TimeControl "180+1"]
[EndTime "10:56:38 PDT"]
[Termination "NotFischer won on time"]

1. e4 d5 2. d3 dxe4 3. dxe4 Qxd1+ 4. Kxd1 Nf6 5. f3 e5 6. Be3 Be6 7. c3 Nbd7 8. Kc2 Bc5 9. Bxc5 Nxc5 10. Nd2 O-O-O 11.
Nc4 Bxc4 12. Bxc4 Rhf8 13. Ne2 c6 14. b4 Ncd7 15. a4 Kc7 16. a5 Ne8 17. Ng3 Nd6 18.
Bb3 g6 19. Rad1 f5 20. Rhe1 f4 21. Nf1 Nf6 22. h3 g5 23. Rd2 h5 24. Red1 g4 25.
hxg4 hxg4 26. Rd3 Rh8 27. Nd2 Rh2 28. Rg1 Rdh8 29. c4 Nf7 30. Kc3 Ng5 31. c5 Rh1 32. Rxh1 Rxh1 33. Nc4 g3 34. Nxe5 Rg1 35. Rd6 Nfxe4+ 36. fxe4 Nxe4+ 37. Kd4 Nxd6 38. cxd6+ Kxd6 39. Nc4+ Kc7 40. Ke4 Rxg2 41. Kxf4 Rg1 42. Kf3 g2 0-1

[Event "*** SCC Grand Prix: Titled Tuesday Blitz"]
[Site "Chess.com"]
[Date "2020.09.08"]
[Round "5"]
[White "Bulatova_Kamaliya"]
[Black "VladaSviridova"]
[Result "1-0"]
[WhiteElo "2188"]
[BlackElo "2277"]
[TimeControl "180+1"]
[EndTime "10:56:38 PDT"]
[Termination "Bulatova_Kamaliya won by resignation"]

1. Nf3 d5 2. g3 c6 3. Bg2 Nf6 4. O-O Bf5 5. c4 e6 6. cxd5 exd5 7. d4 Be7 8. Nc3 Nbd7 9. a4 a5 10. Nh4 Bg4 11. h3 Bh5 12. Nf5 O-O 13. Nxe7+ Qxe7 14. Qb3 b6 15. Bg5 h6 16. Bf4 Rfe8 17. Rfe1 Bg6 18. Bc7 Qb4 19. Qxb4 axb4 20. Nd1 Bc2 21. Ne3 Bxa4 22.
Bd6 Bb5 23. Rxa8 Rxa8 24. Bxb4 Ra2 25. Ba3 Ba4 26. Nf5 g6 27. Ne7+ Kg7 28. h4 Bb5 29. Bh3 c5 30. dxc5 bxc5 31. Bxd7 Bxd7 32. Bxc5 Rxb2 33. Bd4 Rd2 34. e3 Be6 35. Ra1 h5 36.
Ra5 Rd1+ 37. Kg2 Rd3 38. Nxd5 Bxd5+ 39. Rxd5 Kf8 40. Rd8+ Ke7 41. Bxf6+ Kxf6 42. Rxd3 1-0

[Event "*** SCC Grand Prix: Titled Tuesday Blitz"]
[Site "Chess.com"]
[Date "2020.09.08"]
[Round "5"]
[White "belisarius64"]
[Black "LaPorfia"]
[Result "1-0"]
[WhiteElo "2678"]
[BlackElo "2278"]
[TimeControl "180+1"]
[EndTime "10:56:39 PDT"]
[Termination "belisarius64 won by resignation"]

1. e4 d5 2. exd5 Nf6 3. d4 Bg4 4. f3 Bf5 5. c4 e6 6. g4 Bxb1 7.
Rxb1 exd5 8. c5 Be7 9. Bd3 O-O 10.
Ne2 Nfd7 11. O-O Bf6 12. Be3 Nc6 13. Qd2 g6 14. b4 a5 15. a3 axb4 16. axb4 Re8 17.
b5 Na5 18. Rfc1 b6 19. Nf4 bxc5 20. Nxd5 c4 21. Bxc4 Nb6 22. Nxf6+ Qxf6 23. Ba2 Qe7 24. Bg5 Qe2 25. Rc2 Qxf3 26. Rf1 Qxg4+ 27. Qg2 Qxd4+ 28. Kh1 Nac4 29. Bf6 Qe4 30. Qxe4 Rxe4 31. Rfc1 Rae8 32. Bxc4 Nxc4 33. Rxc4 Re1+ 34. Rxe1 Rxe1+ 35. Kg2 Re6 36. Bh4 g5 37. Bg3 h5 38. Bxc7 Kg7 39. b6 Kg6 40. b7 Re2+ 41. Kf3 Re1 42. b8=Q 1-0

[Event "*** SCC Grand Prix: Titled Tuesday Blitz"]
[Site "Chess.com"]
[Date "2020.09.08"]
[Round "5"]
[White "NMZanette"]
[Black "aloe_normansen"]
[Result "0-1"]
[WhiteElo "2187"]
[BlackElo "2355"]
[TimeControl "180+1"]
[EndTime "10:56:39 PDT"]
[Termination "aloe_normansen won by checkmate"]

1. e4 c5 2. Nc3 d6 3. f4 Nf6 4.
Nf3 e6 5. d4 cxd4 6. Nxd4 Be7 7.
Be2 a6 8. O-O Qc7 9. Kh1 O-O 10.
a4 Nc6 11. Be3 Nxd4 12. Bxd4 e5 13. Be3 exf4 14. Bxf4 Be6 15. Qd2 Nd7 16. Nd5 Bxd5 17. exd5 Bf6 18. c3 Be5 19. Bd3 Bxf4 20. Rxf4 Ne5 21.
Rh4 g6 22. Bf1 f5 23. Re1 Rae8 24. Rd1 Qg7 25. Rd4 Ng4 26. h3 Ne5 27. c4 Nd7 28. b4 a5 29. Rd3 axb4 30. Qxb4 Nc5 31. R3d2 Ne4 32. Rc2 Nc5 33. a5 Qe5 34. Re2 Qg3 35.
Rxe8 Rxe8 36. Qb5 Re1 37. Qb1 Re5 38. Qb6 Ne4 39. Qd8+ Kg7 40. Qd7+ Kh6 41. Rb1 Nf2+ 42. Kg1 Nxh3+ 43. Kh1 Nf2+ 44. Kg1 Ng4 45. Qd8 Qh2# 0-1

[Event "*** SCC Grand Prix: Titled Tuesday Blitz"]
[Site "Chess.com"]
[Date "2020.09.08"]
[Round "5"]
[White "Klavdia_Nik"]
[Black "freshfoodcompany"]
[Result "0-1"]
[WhiteElo "2123"]
[BlackElo "2336"]
[TimeControl "180+1"]
[EndTime "10:56:39 PDT"]
[Termination "freshfoodcompany won on time"]

1. Nf3 d5 2. c4 e6 3. b3 Nf6 4. Bb2 Be7 5. g3 O-O 6. Bg2 c5 7. O-O Nc6 8. d3 a6 9. Nbd2 b5 10. cxd5 exd5 11. Rc1 Bb7 12. Bxf6 Bxf6 13. Rxc5 Qd6 14.
Rc1 Rac8 15. Nb1 Nb4 16. Rxc8 Rxc8 17. a3 Nc2 18. d4 Nxa3 19. Qd3 Nxb1 20. Rxb1 Qc7 21.
h4 h6 22. e3 Qb6 23. Bh3 Rc6 24. Ne5 Bxe5 25. dxe5 Qc7 26. f4 Rc3 27. Qd4 Rc1+ 28.
Rxc1 Qxc1+ 29. Kh2 Qc2+ 30. Bg2 Qc6 31. g4 a5 32. Kg3 a4 33. bxa4 bxa4 34. Qb4 Qa6 35. Qe7 a3 36. Qe8+ Kh7 37. Qxf7 a2 38. Qf5+ Qg6 39. Qxg6+ Kxg6 0-1